 Dungeon Crawl Stone Soup version 0.27-a0-819-g058290f16d (webtiles) character file.

Game seed: 11096319270907127620

86 sleeves the Sneak (level 4, -3/15 HPs)
             Began as a Vampire Artificer on Mar 29, 2021.
             Was an Initiate of Ashenzari.
             Slain by a centaur skeleton (5 damage)
             ... on level 4 of the Dungeon.
             The game lasted 00:07:50 (2849 turns).

sleeves the Sneak (Vampire Artificer)               Turns: 2849, Time: 00:07:51

Health: -3/15      AC:  0    Str:  7 (11) XL:     4   Next: 26%
Magic:  2/4        EV: 19    Int: 10 (14) God:    Ashenzari [......]
Gold:   79         SH:  0    Dex: 15 (19) Spells: 3/3 levels left

rFire    . . .     SeeInvis +   (weapon currently unavailable)
rCold    + + .     Faith    .   (shield currently unavailable)
rNeg     + + +     Spirit   .   (armour currently unavailable)
rPois    ∞         Reflect  .   (helmet currently unavailable)
rElec    .         Harm     .   (cloak currently unavailable)
rCorr    .         Rampage  .   (gloves currently unavailable)
Will     .....                  (boots currently unavailable)
Stlth    +++++.....             (no amulet)
HPRegen  0.00/turn              (ring currently unavailable)
MPRegen  0.09/turn              (ring currently unavailable)

@: bat-form, flying, bloodless, very quick
A: fast, flying, no casting, bloodless, tiny, fangs 3, see invisible,
(unbreathing 1), vampiric 2, [frail 3]
a: Revivify, End Transformation, Renounce Religion


You were on level 4 of the Dungeon.
You worshipped Ashenzari.
Ashenzari was noncommittal.
You were a vampire bat.
You visited 1 branch of the dungeon, and saw 4 of its levels.

You collected 79 gold pieces.

Inventory:

Hand Weapons
 h - a +0 short sword (melded)
   (You found it on level 1 of the Dungeon)
 r - a +0 dagger
   (You took it off a goblin on level 3 of the Dungeon)
Armour
 b - a +0 leather armour (melded)
 f - a +0 helmet (melded)
   (You found it on level 4 of the Dungeon)
 j - a +0 pair of gloves (melded)
   (You found it on level 1 of the Dungeon)
 p - a +0 cloak (melded)
   (You found it on level 3 of the Dungeon)
Wands
 c - a wand of flame (15) (quivered)
 d - a wand of charming (15)
 e - a wand of random effects (15)
Scrolls
 a - a scroll of teleportation
 g - 3 scrolls of enchant weapon
 n - 2 scrolls of identify
 o - a scroll of enchant armour
 t - a scroll of vulnerability
Potions
 i - a potion of invisibility
 k - a potion of haste
 l - a potion of berserk rage
 m - a potion of brilliance
 q - a potion of cancellation
 s - a potion of heal wounds


   Skills:
 - Level 0.8 Fighting
 + Level 2.7 Short Blades
 - Level 0.7 Armour
 - Level 2.1 Dodging
 + Level 5.0 Stealth
 - Level 2.6 Evocations


You had 3 spell levels left.
You didn't know any spells.
Your spell library was empty.

Dungeon Overview and Level Annotations

Branches:
Dungeon (4/15)
 Temple: D:4-7

Altars:
Ashenzari
Okawaru
Qazlal
Vehumet

Annotations:
D:2 Sigmund


Innate Abilities, Weirdness & Mutations

You are a vampire bat.
You are tiny and dextrous.
You move quickly.
You are flying.
Your equipment is almost entirely melded.
You are incapable of wielding weapons or throwing items.
You cannot cast spells.
You do not regenerate when monsters are visible.
You are frail without blood (-20% HP).
You can heal yourself when you bite living creatures.
You are immune to poison.
You have razor-sharp teeth.
You have supernaturally acute eyesight. (SInv)
((You can survive without breathing.))
You are afflicted with vampirism and can become a bat while bloodless.
[You are extremely frail. (-30% HP)]


Message History

Found 25 stones.
An endoplasm is nearby!
Found a stone staircase leading down.
A rat comes into view.
The endoplasm quivers.
The endoplasm misses you.
You hit the endoplasm.
The endoplasm is severely wounded.
The endoplasm barely misses you.
You completely miss the endoplasm.
The endoplasm is severely wounded.
The endoplasm hits you but does no damage.
You hit the endoplasm.
You kill the endoplasm!
Found a yellow potion.
Found an escape hatch in the floor.
A rat is nearby!
A rat is nearby!
A rat is nearby!
The helpless rat fails to defend itself.
You hit the rat.
You kill the rat!
No target in view!
A bat comes into view.
A bat is nearby!
A bat is nearby!
A bat is nearby!
The helpless bat fails to defend itself.
You hit the bat.
The bat is severely wounded.
The bat misses you. The bat barely misses you.
A bat is nearby!
A bat is nearby!
A bat is nearby!
You completely miss the bat.
The bat is severely wounded.
The bat closely misses you.
You hit the bat.
You kill the bat!
Your Stealth skill increases to level 3!
You have reached level 2!
Unknown command.
Unknown command.
k - a yellow potion You now have 28 gold pieces (gained 13).
A giant cockroach comes into view.
A giant cockroach is nearby!
A giant cockroach is nearby!
A giant cockroach is nearby!
The giant cockroach bites you but does no damage.
You hit the giant cockroach.
The giant cockroach is heavily wounded.
The giant cockroach closely misses you.
You hit the giant cockroach but do no damage.
The giant cockroach is heavily wounded.
The giant cockroach misses you.
You hit the giant cockroach.
You kill the giant cockroach!
No target in view!
No target in view!
No target in view!
No target in view!
No target in view!
Unknown command.
Okay, then.
A rat comes into view.
A rat is nearby!
A rat is nearby!
A rat is nearby!
A ball python and a kobold come into view.
The helpless kobold fails to defend itself.
You puncture the kobold!
You kill the kobold!
The ball python hisses angrily.
You barely miss the rat. The rat bites you but does no damage.
You closely miss the ball python. The ball python bites you.
The ball python misses you. The rat completely misses you.
You hit the ball python.
The ball python is severely wounded.
The ball python bites you. The ball python closely misses you.
The rat closely misses you.
You hit the ball python.
You kill the ball python!
The rat bites you.
You hit the rat. Your bite misses the rat.
The rat is moderately wounded.
The rat misses you.
You hit the rat.
You kill the rat!
Your Short Blades skill increases to level 1!
No target in view!
No target in view!
HP restored.
Things that are here:
a +0 club; a ball python corpse; a kobold corpse A rat comes into view.
A rat is nearby!
A rat is nearby!
A rat is nearby!
The rat barely misses you.
You closely miss the rat. Your bite misses the rat. The rat barely misses you.
You closely miss the rat. The rat bites you.
The rat twitches its whiskers.
The rat bites you but does no damage.
You hit the rat.
The rat is moderately wounded.
The rat twitches its whiskers.
The rat bites you.
You hit the rat but do no damage.
The rat is moderately wounded.
The rat closely misses you.
You hit the rat but do no damage.
The rat is moderately wounded.
The rat misses you.
You hit the rat but do no damage.
The rat is moderately wounded.
The rat barely misses you.
You hit the rat.
You kill the rat!
No target in view!
No target in view!
No target in view!
You see here a rat corpse.
There is a stone staircase leading down here.
You open the door.
There is an open door here.
g - 2 scrolls labelled ESOC FOBBOE (gained 1)
A hobgoblin comes into view.
A hobgoblin is nearby!
A hobgoblin is nearby!
A hobgoblin is nearby!
The hobgoblin shouts!
The hobgoblin closely misses you.
You hit the hobgoblin but do no damage. The hobgoblin barely misses you.
The hobgoblin hits you.
You hit the hobgoblin.
You kill the hobgoblin!
No target in view!
No target in view!
No target in view!
No target in view!
No target in view!
No target in view!
No target in view!
You see here a hobgoblin corpse.
Found a stone staircase leading down.
A rat and a hobgoblin come into view.
There are monsters nearby!
There are monsters nearby!
A dart slug comes into view.
The dart slug launches a dart at you. The slug dart misses you.
Found 12 gold pieces.
The hobgoblin shouts!
You hear a shout!
There are monsters nearby!
There are monsters nearby!
There are monsters nearby!
You closely miss the rat. The rat closely misses you.
You closely miss the rat. The rat bites you but does no damage.
You hit the rat.
You kill the rat!
The dart slug launches a dart at you. The slug dart misses you.
You see here a rat corpse.
You hit the hobgoblin.
The hobgoblin is moderately wounded.
The hobgoblin misses you.
You hit the hobgoblin.
The hobgoblin is heavily wounded.
The hobgoblin hits you.
You hit the hobgoblin.
You kill the hobgoblin!
The dart slug closely misses you.
You hit the dart slug.
The dart slug is heavily wounded.
The dart slug completely misses you.
You hit the dart slug.
The dart slug is severely wounded.
The dart slug closely misses you.
You hit the dart slug.
The dart slug is almost dead.
You hit the dart slug.
You kill the dart slug!
No target in view!
No target in view!
You see here a dart slug corpse.
A hobgoblin comes into view.
A hobgoblin is nearby!
A hobgoblin is nearby!
A hobgoblin is nearby!
The hobgoblin shouts!
The hobgoblin hits you but does no damage.
You barely miss the hobgoblin. The hobgoblin misses you.
You hit the hobgoblin.
The hobgoblin is moderately wounded.
The hobgoblin misses you.
You barely miss the hobgoblin.
The hobgoblin is moderately wounded.
The hobgoblin barely misses you.
You hit the hobgoblin.
The hobgoblin is almost dead.
The hobgoblin hits you.
You hit the hobgoblin.
You kill the hobgoblin!
You now have 40 gold pieces (gained 12).
A frilled lizard and a kobold come into view.
The kobold shouts!
The frilled lizard moves out of view.
A kobold is nearby!
A kobold is nearby!
A kobold is nearby!
The kobold barely misses you.
You barely miss the kobold. The kobold hits you with a +0 club.
You hit the kobold.
You kill the kobold!
No target in view!
No target in view!
No target in view!
No target in view!
No target in view!
No target in view!
Things that are here:
a +0 club; 4 stones; a kobold corpse A frilled lizard is nearby!
A frilled lizard is nearby!
A frilled lizard is nearby!
You closely miss the frilled lizard.
The frilled lizard bites you but does no damage.
You hit the frilled lizard.
You kill the frilled lizard!
No target in view!
No target in view!
No target in view!
l - 2 silvery potions
Found a stone staircase leading down.
There is a stone staircase leading down here.
Found 21 arrows.
No target in view!
No target in view!
No target in view!
No target in view!
No target in view!
No target in view!
A kobold comes into view. It is wielding a +0 whip.
The kobold shouts!
The kobold moves out of view.
An endoplasm comes into view.
The kobold throws a stone.
The stone barely misses you.
There are monsters nearby!
The kobold closely misses you.
Found 2 gold pieces and a glowing hand axe.
You closely miss the kobold. The kobold barely misses you.
The endoplasm quivers.
You hit the kobold.
The kobold is moderately wounded.
The kobold misses you.
You barely miss the kobold.
The kobold is moderately wounded.
The kobold hits you with a +0 whip.
You hit the endoplasm.
The endoplasm is severely wounded.
The endoplasm hits you.
You hit the endoplasm.
You kill the endoplasm!
You hit the kobold but do no damage. The kobold barely misses you.
You closely miss the kobold. The kobold hits you but does no damage.
You hit the kobold.
You kill the kobold!
No target in view!
No target in view!
Things that are here:
a +0 whip; 3 stones You now have 42 gold pieces (gained 2).
m - a fuming orange potion Done exploring.
Done exploring.
No target in view!
(D) Dungeon
Where to? (? - help)
There is a stone staircase leading down here.
You climb downwards.
Found nine items.
Found a stone staircase leading down.
There is a stone staircase leading up here.
k - 2 yellow potions (gained 1)
A frilled lizard comes into view.
A frilled lizard is nearby!
Found a whip.
The helpless frilled lizard fails to defend itself.
You puncture the frilled lizard!
You kill the frilled lizard!
No target in view!
A gnoll comes into view. It is wielding a +0 whip.
A gnoll is nearby!
A gnoll is nearby!
A gnoll is nearby!
The gnoll shouts!
You hear a shout!
You see here a +0 whip.
There is a stone staircase leading up here.
The gnoll hits you with a +0 whip.
You climb upwards.
There is a stone staircase leading down here.
You closely miss the gnoll. The gnoll barely misses you.
You hit the gnoll but do no damage. Your bite misses the gnoll.
The gnoll barely misses you.
You barely miss the gnoll. The gnoll hits you with a +0 whip.
You are too injured to fight recklessly!
You are too injured to fight recklessly!
You are too injured to fight recklessly!
The gnoll hits you with a +0 whip.
* * * LOW HITPOINT WARNING * * *
You see here a rat skeleton.
You see here a hobgoblin skeleton.
Things that are here:
4 stones; a +0 club; a kobold skeleton You hit the gnoll but do no damage.
You bite the gnoll.
The gnoll is lightly wounded.
The gnoll hits you with a +0 whip.
You hit the gnoll but do no damage.
The gnoll is lightly wounded.
The gnoll hits you with a +0 whip!
* * * LOW HITPOINT WARNING * * *
You see here a frilled lizard skeleton.
The gnoll hits you with a +0 whip.
* * * LOW HITPOINT WARNING * * *
There is a stone staircase leading down here.
You see here a rat skeleton.
You see here a hobgoblin skeleton.
You hit the gnoll.
The gnoll is moderately wounded.
The gnoll hits you but does no damage.
You barely miss the gnoll.
The gnoll is moderately wounded.
The gnoll hits you with a +0 whip. The gnoll barely misses you.
You barely miss the gnoll.
The gnoll is moderately wounded.
The gnoll barely misses you.
You hit the gnoll.
The gnoll is heavily wounded.
The gnoll closely misses you.
You hit the gnoll.
The gnoll is severely wounded.
The gnoll closely misses you.
You hit the gnoll.
The gnoll is almost dead.
The gnoll barely misses you.
You hit the gnoll.
You kill the gnoll!
Your Stealth skill increases to level 4!
You have reached level 3!
Your experience leads to an increase in your attributes!
Increase (S)trength, (I)ntelligence, or (D)exterity?
You feel clever.
You can now turn into a vampire bat when bloodless.
HP restored.
Things that are here:
a +0 whip; a gnoll corpse Done exploring.
Done exploring.
You begin bloodletting.
You continue bloodletting. x5
Now bloodless.
Done exploring.
Done exploring.
Done exploring.
(D) Dungeon
Where to? (Enter - D:2, ? - help)
You open the door.
There is an open door here.
There is a stone staircase leading down here.
You climb downwards.
A gnoll comes into view. It is wielding a +0 flail.
There is a stone staircase leading up, spattered with blood here.
You climb upwards.
There is a stone staircase leading down here.
You fail to use your ability.
You begin the revivification ritual.
You continue your ritual. x5
Now alive.
You feel frail.
There is an open door here.
HP restored.
There is an escape hatch in the floor here.
There is a stone staircase leading down here.
You climb downwards.
A ball python comes into view.
There is a stone staircase leading up here.
A ball python is nearby!
The ball python hisses angrily.
Found a scroll labelled SAECLE CAINLO.
The ball python barely misses you. The ball python grabs you.
The ball python constricts you.
The ball python bites you but does no damage.
The ball python constricts you.
Found a stone staircase leading down.
You closely miss the ball python. You bite the ball python.
You kill the ball python!
No target in view!
You begin bloodletting.
You continue bloodletting. x5
Now bloodless.
n - a scroll labelled SAECLE CAINLO
Found a hand axe.
An adder comes into view.
The helpless adder fails to defend itself.
You bite the adder, and draw its blood! You puncture the adder!
You kill the adder!
Your Short Blades skill increases to level 2!
Found a dagger.
A jackal comes into view.
A jackal is nearby!
A jackal is nearby!
The helpless jackal fails to defend itself.
You bite the jackal, and draw its blood!
You puncture the jackal!
You kill the jackal!
A jackal comes into view.
A jackal is nearby!
A jackal is nearby!
A jackal is nearby!
A jackal is nearby!
The helpless jackal fails to defend itself.
You bite the jackal, and draw its blood!
You puncture the jackal!
You kill the jackal!
Found a stone staircase leading down.
A hobgoblin comes into view.
A hobgoblin is nearby!
The helpless hobgoblin fails to defend itself.
You bite the hobgoblin, and draw its blood!
You puncture the hobgoblin!
You kill the hobgoblin!
Sigmund the Dreaded comes into view.
He is wielding a +0 scythe.
Sigmund is nearby!
Sigmund is nearby!
Sigmund is nearby!
A bat comes into view.
A gnoll comes into view. It is wielding a +0 spear.
A frilled lizard comes into view.
The bat completely misses you.
The frilled lizard moves out of view.
The bat misses you. The bat hits you. The bat hits you but does no damage.
The frilled lizard hisses angrily.
You hit the bat.
You kill the bat!
You closely miss the frilled lizard.
The frilled lizard bites you but does no damage.
You miss the frilled lizard.
The frilled lizard unfolds its giant frill.
The frilled lizard bites you.
You miss the frilled lizard. The frilled lizard misses you.
You hit the frilled lizard.
You kill the frilled lizard!
You start resting.
An adder comes into view.
You begin the revivification ritual.
You continue your ritual. x5
Now alive.
You feel frail.
Found a stone staircase leading up.
Found a scroll labelled ESOC FOBBOE.
Found a ring mail.
An endoplasm comes into view.
The endoplasm quivers.
An endoplasm is nearby!
An endoplasm is nearby!
You hit the endoplasm.
You bite the endoplasm, but do no damage.
The endoplasm is severely wounded.
The endoplasm freezes you.
You are frozen.
You barely miss the endoplasm.
The endoplasm is severely wounded.
The endoplasm hits you.
You hit the endoplasm.
You kill the endoplasm!
HP restored.
A kobold comes into view. It is wielding a +0 club.
The kobold shouts!
A kobold is nearby!
A kobold is nearby!
A kobold is nearby!
The kobold hits you with a +0 club.
You hit the kobold.
The kobold is severely wounded.
The kobold closely misses you.
You miss the kobold. Your bite misses the kobold.
The kobold is severely wounded.
The kobold barely misses you.
You hit the kobold.
You kill the kobold!
No target in view!
No target in view!
No target in view!
No target in view!
No target in view!
Things that are here:
a +0 club; a kobold corpse
g - 3 scrolls labelled ESOC FOBBOE (gained 1)
Found a hunting sling.
You see here a +0 hunting sling.
An adder is nearby!
An adder is nearby!
An adder is nearby!
The adder hisses angrily.
You closely miss the adder. Your bite misses the adder.
The adder closely misses you.
You miss the adder. The adder barely misses you.
You hit the adder.
The adder is severely wounded.
The adder misses you.
You hit the adder.
You kill the adder!
The gnoll shouts!
The gnoll hits you with a +0 spear. The gnoll closely misses you.
The gnoll hits you from afar with a +0 spear!
* * * LOW HITPOINT WARNING * * *
Found an escape hatch in the floor.
There is a stone staircase leading up, spattered with blood here.
The gnoll misses you.
You climb upwards.
There is a stone staircase leading down here.
You start resting.
HP restored.
Things that are here:
4 stones; a +0 club
There is a stone staircase leading down here.
You climb downwards.
Level annotation: Sigmund
There is a stone staircase leading up here.
A kobold comes into view. It is wielding a +0 whip.
A kobold is nearby!
A kobold is nearby!
The kobold shouts!
You hit the kobold but do no damage. The kobold closely misses you.
You miss the kobold. The kobold hits you with a +0 whip.
You hit the kobold.
The kobold is severely wounded.
The kobold hits you but does no damage.
You barely miss the kobold.
The kobold is severely wounded.
The kobold hits you with a +0 whip.
You closely miss the kobold.
The kobold is severely wounded.
The kobold barely misses you.
You hit the kobold but do no damage.
The kobold is moderately wounded.
The kobold barely misses you.
You hit the kobold. You bite the kobold, but do no damage.
The kobold is severely wounded.
The kobold barely misses you.
You barely miss the kobold.
The kobold is severely wounded.
The kobold hits you but does no damage.
You hit the kobold.
You kill the kobold!
No target in view!
Found 24 sling bullets.
Things that are here:
a +0 whip; a kobold corpse
Found 10 stones and a scroll labelled SAECLE CAINLO.
Found an escape hatch in the ceiling.
n - 2 scrolls labelled SAECLE CAINLO (gained 1)
You see here 10 stones.
There is an escape hatch in the ceiling here.
You begin bloodletting.
You continue bloodletting. x2
HP restored.
You continue bloodletting. x3
Now bloodless.
There is a stone staircase leading up here.
You swing at nothing.
Found 16 gold pieces.
A bat comes into view.
A bat is nearby!
The bat closely misses you.
You miss the bat. The bat hits you. The bat hits you. The bat hits you.
You see here 16 gold pieces.
You now have 58 gold pieces (gained 16).
The bat barely misses you.
You hit the bat.
The bat is moderately wounded.
The bat misses you. The bat closely misses you.
You hit the bat.
You kill the bat!
You see here a bat corpse.
Sigmund shouts!
You turn into a vampire bat.
Your +0 short sword melds into your body.
Your +0 leather armour melds into your body.
You feel weakened.
You feel dopey.
You feel clumsy.
Sigmund casts a spell at himself.
Sigmund flickers and vanishes for a moment.
You see here a +0 hand axe.
You begin the revivification ritual.
You continue your ritual. x5
Now alive.
You feel frail.
Your blood-filled body can't sustain your transformation.
Your transformation has ended.
Your +0 short sword unmelds from your body.
Your +0 leather armour unmelds from your body.
(D) Dungeon
Where to? (Enter - D:1 @ (x,y), ? - help)
There is a stone staircase leading down here.
You climb downwards.
There is a stone staircase leading up here.
You can't go down here!
Found an escape hatch in the ceiling.
An adder comes into view.
An adder is nearby!
An adder is nearby!
The adder hisses angrily.
The adder bites you but does no damage.
You miss the adder. The adder bites you but does no damage.
You hit the adder.
The adder is lightly wounded.
The adder closely misses you.
You closely miss the adder.
The adder is lightly wounded.
The adder bites you but does no damage.
You hit the adder.
The adder is heavily wounded.
The adder barely misses you. The adder bites you.
You hit the adder.
The adder is severely wounded.
The adder bites you.
You are poisoned.
The adder poisons you!
You hit the adder but do no damage.
The adder is severely wounded.
You feel sick. The adder barely misses you.
You barely miss the adder.
The adder is severely wounded.
You feel sick. The adder bites you but does no damage.
The adder closely misses you.
You miss the adder.
The adder is severely wounded.
You feel sick. The adder bites you.
You are more poisoned.
The adder poisons you!
You are too injured to fight recklessly!
It was a potion of haste.
You feel yourself speed up.
* * * LOW HITPOINT WARNING * * *
You feel sick. The adder barely misses you.
Unknown command.
Okay, then.
Keep bloodletting? [Y]es or [N]o only, please.
Keep bloodletting? [Y]es or [N]o only, please.
Keep bloodletting?
You stop emptying yourself of blood.
* * * LOW HITPOINT WARNING * * *
You feel sick. The adder barely misses you.
It was a potion of berserk rage.
A red film seems to cover your vision as you go berserk!
You feel yourself moving faster!
You feel mighty!
You feel sick. The adder misses you.
You closely miss the adder. Your bite misses the adder.
The adder is severely wounded.
The adder bites you but does no damage.
Your leather armour prevents you from hitting the adder.
You bite the adder.
You kill the adder!
You feel sick.
You have reached level 4!
You feel sick.
You see here an adder corpse.
You feel a strong urge to attack something.
You are no longer berserk.
You are exhausted.
You feel yourself slow down.
You feel sick.
You feel sick.
You are no longer poisoned.
There is a stone staircase leading up here.
You start resting.
Your extra speed is starting to run out.
You start resting.
You feel yourself speed up.
You start resting.
You feel yourself slow down.
You start resting.
You recover from your berserk rage.
You start resting.
HP restored.
You see here an adder corpse.
You open the door.
A goblin comes into view. It is wielding a +0 dagger.
A goblin is nearby!
A goblin is nearby!
A goblin is nearby!
There is an open door here.
Found a scroll labelled BAUFIEDU HEIZE.
The goblin shouts!
You hit the goblin. Your bite misses the goblin.
The goblin is moderately wounded.
The goblin hits you with a +0 dagger.
You hit the goblin.
The goblin is heavily wounded.
The goblin hits you with a +0 dagger.
You hit the goblin but do no damage.
The goblin is heavily wounded.
The goblin hits you with a +0 dagger.
You barely miss the goblin.
The goblin is heavily wounded.
The goblin hits you with a +0 dagger.
You are too injured to fight recklessly!
You are too injured to fight recklessly!
You are too injured to fight recklessly!
You are too injured to fight recklessly!
You hit the goblin.
You kill the goblin!
You see here a +0 dagger.
o - a scroll labelled BAUFIEDU HEIZE You start resting.
HP restored.
Your library has no spells.
Unknown command.
You begin bloodletting.
You continue bloodletting. x5
Now bloodless.
You open the door.
Found a faded altar of an unknown god.
There is an open door here.
Found 24 stones.
A kobold comes into view. It is wielding a +0 short sword.
An endoplasm comes into view.
The helpless endoplasm fails to defend itself.
You puncture the endoplasm!
You kill the endoplasm!
A rat comes into view.
Found 9 stones.
A quokka comes into view.
The helpless kobold fails to defend itself.
You bite the kobold, and draw its blood!
You puncture the kobold!
You kill the kobold!
Things that are here:
a +0 short sword; 4 stones; a kobold corpse The helpless quokka fails to defend itself.
You bite the quokka, and draw its blood!
You puncture the quokka!
You kill the quokka!
Found a whip.
Found a purple potion.
The helpless rat fails to defend itself.
You bite the rat, and draw its blood! You puncture the rat!
You kill the rat!
Found 17 stones.
p - a +0 cloak You start putting on your armour.
You continue putting on your +0 cloak. x4
You finish putting on your +0 cloak.
A dart slug comes into view.
You see here a purple potion.
A giant cockroach comes into view.
The helpless dart slug fails to defend itself.
You puncture the dart slug!
The dart slug is almost dead.
The dart slug closely misses you.
You hit the dart slug but do no damage.
The dart slug is almost dead.
You hit the dart slug.
You kill the dart slug!
You hit the giant cockroach.
The giant cockroach is lightly wounded.
The giant cockroach bites you but does no damage.
You hit the giant cockroach but do no damage.
The giant cockroach is lightly wounded.
The giant cockroach barely misses you.
You hit the giant cockroach but do no damage.
The giant cockroach is lightly wounded.
The giant cockroach bites you but does no damage.
You hit the giant cockroach.
You bite the giant cockroach, but do no damage.
The giant cockroach is severely wounded.
The giant cockroach bites you but does no damage.
You hit the giant cockroach.
You kill the giant cockroach!
Your Stealth skill increases to level 5!
You see here a giant cockroach corpse.
q - a purple potion You open the door.
There is an open door here.
Found a stormy altar of Qazlal.
You open the door.
Found 24 sling bullets.
Found a stone staircase leading down.
There is an open door here.
Found a whip.
There is a stone staircase leading down here.
Found a stone staircase leading down.
A giant cockroach comes into view.
A giant cockroach is nearby!
A giant cockroach is nearby!
A giant cockroach is nearby!
The giant cockroach closely misses you.
A giant cockroach is nearby!
You hit the giant cockroach but do no damage.
The giant cockroach closely misses you. x2
You hit the giant cockroach.
You bite the giant cockroach, but do no damage.
The giant cockroach is severely wounded.
The giant cockroach bites you but does no damage.
You hit the giant cockroach but do no damage.
The giant cockroach is severely wounded.
The giant cockroach bites you.
You closely miss the giant cockroach.
The giant cockroach is heavily wounded.
The giant cockroach barely misses you.
You barely miss the giant cockroach. You bite the giant cockroach.
You kill the giant cockroach!
No target in view!
No target in view!
Found 17 stones.
You see here 17 stones.
Found an escape hatch in the floor.
There is an escape hatch in the floor here.
There is a stone staircase leading down here.
You open the door. You open the door. You open the door.
Found 23 stones.
Found an iron altar of Okawaru and a broken altar of Ashenzari.
There is an open door here.
There is a fountain of clear blue water here.
There is an open door here.
There is an escape hatch in the ceiling here.
You now have 69 gold pieces (gained 11).
There is an escape hatch in the ceiling here.
There is an open door here.
There is an open door here.
Found a stone staircase leading up.
Search for what [? for help]? dag
There is an open door here.
You see here a +0 dagger.
r - a +0 dagger
r - a +0 dagger (weapon)
There is an open door here.
Found a stone staircase leading down.
There is a stone staircase leading down here.
s - a smoky white potion
There is a dry fountain here.
t - a scroll labelled ULEESUDARI
Found a stone staircase leading up.
There is a stone staircase leading up here.
You open the large door.
Found a radiant altar of Vehumet.
Found an escape hatch in the floor.
Things that are here:
a +0 short sword; 4 stones
There is an open door here.
A goblin comes into view. It is wielding a +0 club.
A goblin is nearby!
A goblin is nearby!
A goblin is nearby!
The helpless goblin fails to defend itself.
You bite the goblin, and draw its blood!
You impale the goblin!!
You kill the goblin!
Things that are here:
a +0 club; a goblin corpse You now have 79 gold pieces (gained 10).
You see here 24 sling bullets.
There is an open door here.
There is an open door here.
You open the door.
There is an open door here.
Key pressed, stopping explore.
There is a stone staircase leading down here.
Done exploring.
Done exploring.
Unknown command.
Done exploring.
Search for what [Enter for "dag", or ? for help]? ashe
There is an open door here.
There is an open door here.
There is a fountain of clear blue water here.
There is a broken altar of Ashenzari here.
You kneel at the altar of Ashenzari.
Ashenzari welcomes you!
a - a scroll of teleportation;
f - a potion of degeneration
g - 3 scrolls of enchant weapon;
i - a potion of invisibility
m - a potion of brilliance;
n - 2 scrolls of identify
o - a scroll of enchant armour;
q - a potion of cancellation
s - a potion of heal wounds;
t - a scroll of vulnerability Ashenzari warns you of distant threats and treasures.
Ashenzari reveals the structure of the dungeon to you.
Ashenzari shows you where magical portals lie.
Ashenzari prevents you from stumbling into unseen traps.
Ashenzari identifies your possessions.
Unknown command.
Press < or > to pray at altars.
Okay, then.
Unknown command.
Press < or > to pray at altars.
Unknown command.
Press < or > to pray at altars.
Done exploring.
Done exploring.
Done exploring.
Done exploring.
Okay, then.
Okay, then.
Okay, then.
Unknown command.
Press < or > to pray at altars.
Done exploring.
Done exploring.
(D) Dungeon
Where to? (Enter - D:3 @ (x,y), ? - help)
There is an open door here.
There is an open door here.
There is a stone staircase leading down here.
You climb downwards.
There is a stone staircase leading up here.
A goblin comes into view. It is wielding a +0 dagger.
Found an escape hatch in the ceiling.
A goblin is nearby!
A goblin is nearby!
You start putting on your armour.
You continue putting on your +0 pair of gloves. x4
You finish putting on your +0 pair of gloves.
Drop what? 20/52 slots (_ for help) (? for menu, Esc to quit)
You drop a potion of degeneration.
A goblin comes into view. It is wielding a +0 club.
A goblin is nearby!
A goblin is nearby!
Found 12 bolts.
The helpless goblin fails to defend itself.
You bite the goblin, and draw its blood!
You impale the goblin!!
You kill the goblin!
Things that are here:
a +0 club; a goblin corpse You open the door.
There is an open door here.
You open the door.
There is an open door here.
Found a stone staircase leading down.
A centaur skeleton comes into view.
The centaur skeleton moves out of view.
You see here a +0 helmet.
A centaur skeleton is nearby!
f - a +0 helmet You start putting on your armour.
You continue putting on your +0 helmet. x2
The centaur skeleton closely misses you.
The centaur skeleton kicks you but does no damage.
Keep equipping yourself?
You continue putting on your +0 helmet.
The centaur skeleton misses you. The centaur skeleton barely misses you.
You continue putting on your +0 helmet.
The centaur skeleton hits you.
The centaur skeleton kicks you but does no damage.
The centaur skeleton barely misses you.
The centaur skeleton kicks you but does no damage.
You finish putting on your +0 helmet.
You hit the centaur skeleton but do no damage.
The centaur skeleton hits you but does no damage.
The centaur skeleton closely misses you.
You hit the centaur skeleton.
The centaur skeleton is lightly damaged.
The centaur skeleton barely misses you. The centaur skeleton kicks you.
You hit the centaur skeleton.
The centaur skeleton is lightly damaged.
The centaur skeleton hits you but does no damage.
The centaur skeleton barely misses you.
You hit the centaur skeleton.
The centaur skeleton is lightly damaged.
The centaur skeleton barely misses you. x2
You hit the centaur skeleton but do no damage.
The centaur skeleton is lightly damaged.
The centaur skeleton barely misses you. The centaur skeleton misses you.
You hit the centaur skeleton.
The centaur skeleton is moderately damaged.
The centaur skeleton hits you but does no damage.
The centaur skeleton kicks you but does no damage.
You hit the centaur skeleton but do no damage.
The centaur skeleton is moderately damaged.
The centaur skeleton hits you. The centaur skeleton kicks you.
You are too injured to fight recklessly!
You are too injured to fight recklessly!
You are too injured to fight recklessly!
You are too injured to fight recklessly!
You are too injured to fight recklessly!
You are too injured to fight recklessly!
h - a +0 short sword (weapon)
The centaur skeleton closely misses you.
The centaur skeleton kicks you.
You hit the centaur skeleton but do no damage.
You bite the centaur skeleton.
The centaur skeleton is moderately damaged.
The centaur skeleton barely misses you.
The centaur skeleton kicks you but does no damage.
The centaur skeleton hits you.
* * * LOW HITPOINT WARNING * * *
The centaur skeleton barely misses you. The centaur skeleton hits you.
* * * LOW HITPOINT WARNING * * *
The centaur skeleton kicks you but does no damage.
You turn into a vampire bat.
Your +0 short sword melds into your body.
Your +0 cloak melds into your body.
Your +0 helmet melds into your body.
Your +0 pair of gloves melds into your body.
Your +0 leather armour melds into your body.
You feel weakened.
You feel dopey.
You feel clumsy. The centaur skeleton hits you.
You die...

############### ###...
.........#..... #....
.........+..... #..^.
.........#..... ## #....
.#####........
...##...######..........##
.......................#
...##.......##..........#
........Zb..............#
######......##..........##
.>............##........
...###.......#+#.....##..
... #...#..#....###.##..
.. .......#... .##(. #
#######.# .. ### .# #


You could see a centaur skeleton.

Vanquished Creatures
  A gnoll (D:1)
  3 adders
  2 dart slugs
  3 bats
  5 endoplasms
  3 giant cockroaches
  4 goblins
  4 hobgoblins
  2 jackals (D:2)
  2 quokkas
  2 ball pythons
  3 frilled lizards
  6 kobolds
  6 rats
46 creatures vanquished.

Notes
Turn   | Place    | Note
-------+----------+-------------------------------------------
     0 | D:1      | sleeves the Vampire Artificer began the quest for the Orb.
     0 | D:1      | Reached XP level 1. HP: 14/14 MP: 1/1
    71 | D:1      | Reached skill level 2 in Stealth
   118 | D:1      | HP: 7/14 [goblin/+0 club (2)]
   244 | D:1      | Reached skill level 3 in Stealth
   244 | D:1      | Reached XP level 2. HP: 20/20 MP: 2/2
   290 | D:1      | Reached skill level 1 in Short Blades
   747 | D:1      | HP: 10/20 [gnoll/+0 whip (3)]
   787 | D:1      | HP: 8/20 [gnoll/+0 whip (8)]
   804 | D:1      | HP: 10/20 [gnoll/+0 whip (3)]
   850 | D:1      | Reached skill level 4 in Stealth
   850 | D:1      | Gained mutation: You are afflicted with vampirism and can
                  | become a bat while bloodless. [Vampire growth]
   850 | D:1      | Reached XP level 3. HP: 20/25 MP: 3/3
   988 | D:2      | Reached skill level 2 in Short Blades
  1082 | D:2      | Noticed Sigmund
  1362 | D:2      | HP: 8/20 [gnoll/+0 spear (7)]
  1704 | D:3      | HP: 7/17 [poisoned by an adder]
  1709 | D:3      | Reached XP level 4. HP: 10/21 MP: 4/4
  1709 | D:3      | HP: 9/31 [poisoned by an adder]
  1836 | D:3      | Found a faded altar of an unknown god.
  1922 | D:3      | Reached skill level 5 in Stealth
  1957 | D:3      | Noticed an earth elemental
  1958 | D:3      | Found a stormy altar of Qazlal.
  1960 | D:3      | Noticed a fire elemental
  1961 | D:3      | Noticed a water elemental
  1961 | D:3      | Noticed an air elemental
  2160 | D:3      | Found an iron altar of Okawaru.
  2160 | D:3      | Found a broken altar of Ashenzari.
  2440 | D:3      | Found a radiant altar of Vehumet.
  2729 | D:3      | Became a worshipper of Ashenzari the Shackled
  2847 | D:4      | HP: 4/15 [centaur skeleton (4)]
  2849 | D:4      | Slain by a centaur skeleton

Illustrated notes

Levels and vault maps discovered:
D:1:      lightli_arrival_chessboard, layout_basic
D:2:      layout_basic, due_unseen_surprise, uniq_sigmund
D:3:      layout_basic, general_overflow_altar, gammafunk_temple_overflow_pools,
          chequers_ecumenical_altar_simple_redux, corexii_hall_statues_s,
          nicolae_qazlal_style_of_elements
D:4:      layout_basic

Skill      XL: |  1  2  3  4 |
---------------+-------------+-----
Stealth        | 3 4 5 |  5.0
Short Blades   | 1 2 |  2.7
Fighting       | |  0.8
Armour         | |  0.7
Dodging        | |  2.1
Evocations     | |  2.6

Action                   |  1- 3 |  4- 6 || total
-------------------------+-------+-------++-------
Melee: Club              |    13 |       ||    13
       Short sword       |   109 |    23 ||   132
       Bite              |     6 |     4 ||    10
       Dagger            |       |     9 ||     9
 Abil: Exsanguinate      |     4 |     1 ||     5
       Revivify          |     3 |       ||     3
       Bat Form          |     1 |     1 ||     2
  Use: Potion            |     2 |       ||     2
 Stab: Sleeping          |     9 |     7 ||    16
Armor: Leather armour    |    23 |    13 ||    36
Dodge: Dodged            |    74 |    20 ||    94

Table legend: (Time is in decaauts)
 A = Elapsed time spent in this place.
 B = Non-inter-level travel time spent in this place.
 C = Inter-level travel time spent in this place.
 D = Time resting spent in this place.
 E = Time spent auto-exploring this place.
 F = Levels seen in this place.
 G = Mean time per level.
                   A        B        C        D        E       F      G
               +--------+--------+--------+--------+--------+-----+--------+
         Total |   2841 |   2571 |    270 |    146 |   1466 |   4 |  710.2 |
       Dungeon |   2841 |   2571 |    270 |    146 |   1466 |   4 |  710.2 |
               +--------+--------+--------+--------+--------+-----+--------+

Top non-repeatable levels by time:
     D:3: 1080 daAuts
     D:1: 931 daAuts
     D:2: 750 daAuts
     D:4: 80 daAuts
